Map: Ruins of Seras

Players

Pseudorandom - Winner!

Wintersc2 (Winter)

  • Race: Terran Terran

VOD

Have the link to the VOD?

Description

Time

  • Played on: April 2, 2015, 1 a.m.
  • Length: 15:57
Show
View Real Time Build Order
Export as new Build Order

Pseudorandom Zerg - Winner!

Build Orders: Pool First, Lurkers 

Get SALT Encoding   

  12  0:01  Drone  
  13  0:12  Drone  
  14  0:17  Overlord  
  14  0:27  Drone, Extractor  
  15  0:35  Drone  
  15  0:36  Drone  
  17  0:48  Spawning Pool  
  17  0:49  Drone  
  17  0:55  Drone  
  18  1:06  Drone  
  19  1:20  Drone  
  19  1:21  Hatchery  
  19  1:28  Drone, Extractor  
  19  1:36  Queen  
  19  1:39  Zergling x2  
  22  1:48  Overlord  
  22  2:07  Drone  
  23  2:10  Drone  
  23  2:11  Queen  
  26  2:21  Drone  
  27  2:28  Metabolic Boost  
  27  2:31  Extractor  
  27  2:32  Drone  
  27  2:35  Drone  
  27  2:36  Queen  
  30  2:42  Overlord  
  30  2:48  Drone x4  
  34  2:58  Drone  
  34  3:04  Lair  
  36  3:05  Drone x2  
  36  3:10  Drone  
  36  3:11  Extractor  
  37  3:18  Drone  
  37  3:19  Drone x2  
  40  3:21  Drone  
  40  3:26  Overlord  
  41  3:32  Drone x3  
  44  3:38  Overlord, Extractor  
  43  3:47  Drone x3  
  46  3:58  Spine Crawler  
  46  4:00  Spine Crawler  
  44  4:07  Drone, Spire  
  44  4:08  Drone  
  45  4:11  Drone  
  45  4:12  Drone  
  45  4:14  Drone  
  48  4:21  Drone x3  
  50  4:43  Overlord  
  50  4:44  Drone  
  50  4:45  Drone, Zergling x8  
  55  4:46  Zergling x2  
  55  4:47  Zergling x2  
  57  5:04  Drone x2  
  57  5:05  Drone  
  60  5:20  Mutalisk  
  62  5:21  Mutalisk x2  
  62  5:23  Overlord x2  
  66  5:35  Hatchery, Overlord x2  
  65  5:37  Zerg Flyer Weapons Level 1  
  65  5:39  Queen  
  65  5:48  Hydralisk Den  
  65  5:49  Evolution Chamber, Mutalisk x2  
  61  5:50  Mutalisk  
  61  5:52  Evolution Chamber  
  66  6:04  Hatchery  
  66  6:06  Mutalisk x2, Lurker Den  
  69  6:12  Drone x3  
  72  6:23  Zerg Ground Armor Level 1  
  72  6:40  Zerg Melee Weapons Level 1  
  72  6:41  Drone x5  
  72  6:44  Drone  
  78  6:50  Drone x2  
  78  6:54  Drone x4  
  84  7:10  Drone x6  
  84  7:12  Drone x2, Extractor  
  84  7:13  Extractor  
  90  7:18  Queen  
  90  7:19  Drone x3  
  95  7:28  Mutalisk  
  95  7:29  Mutalisk  
  93  7:30  Mutalisk  
  95  7:38  Drone x4  
  95  7:42  Overlord x2  
  95  7:43  Hydralisk x3  
  105  7:47  Extractor  
  105  7:50  Extractor  
  103  7:57  Muscular Augments  
  103  7:59  Drone  
  103  8:00  Drone, Infestation Pit  
  103  8:03  Hydralisk x3  
  110  8:11  Drone x2  
  112  8:16  Lurker x2  
  112  8:17  Lurker  
  111  8:37  Hatchery  
  110  8:44  Hive, Hydralisk x4  
  110  8:46  Zergling x2  
  110  8:47  Zergling x6  
  122  8:49  Lurker x3, Zerg Ground Armor Level 2  
  122  8:53  Zerg Melee Weapons Level 2  
  124  9:04  Overlord x3  
  124  9:13  Hydralisk  
  124  9:15  Overlord x3  
  126  9:22  Drone  
  126  9:23  Spine Crawler  
  126  9:27  Spine Crawler  
  126  9:29  Overlord  
  125  9:33  Lurker x2  
  125  9:35  Zergling x6  
  125  9:36  Lurker x2  
  125  9:38  Overlord  
  133  10:00  Lurker  
  133  10:03  Zergling x2  
  133  10:04  Zergling x58  
  133  10:05  Adrenal Glands  
  163  10:10  Ultralisk Cavern  
  124  10:42  Drone x2  
  124  10:43  Drone x5  
  124  10:44  Drone  
  129  10:58  Chitinous Plating  
  129  10:59  Ultralisk  
  129  11:00  Ultralisk x4  
  157  11:13  Zerg Ground Armor Level 3  
  157  11:14  Zerg Melee Weapons Level 3  
  157  11:19  Ultralisk  
  157  11:21  Extractor  
  157  11:22  Extractor  
  161  11:38  Hatchery  
  161  11:39  Ultralisk x2  
  153  12:10  Overlord  
  151  12:23  Ultralisk x5  
  151  12:26  Zerg Flyer Weapons Level 2  
  174  13:03  Mutalisk x10  
  174  13:04  Mutalisk x3  
  193  13:43  Drone x6  
  193  13:44  Drone x3  
  193  13:46  Extractor  
  193  13:47  Extractor  
  186  14:01  Hydralisk  
  186  14:02  Hydralisk x11  
  176  14:09  Drone  
  199  14:29  Hatchery  
  198  14:52  Spine Crawler x2  
  188  15:21  Hydralisk x9  
  180  15:22  Hydralisk  
  180  15:23  Hydralisk  
  180  15:24  Hydralisk  
  180  15:25  Hydralisk  
Show
View Real Time Build Order
Export as new Build Order

Wintersc2 Terran 

Build Orders: Mech, Siege Tank Drop 

Get SALT Encoding   

  12  0:02  SCV  
  13  0:14  SCV  
  14  0:23  Supply Depot  
  14  0:26  SCV  
  15  0:35  Refinery  
  15  0:45  SCV  
  15  0:48  Barracks  
  17  0:57  SCV  
  17  1:09  SCV  
  18  1:21  SCV  
  19  1:35  Orbital Command  
  19  1:36  Marine  
  20  1:40  Factory  
  20  1:51  Supply Depot  
  20  1:55  Marine  
  21  2:01  SCV  
  22  2:12  Refinery  
  22  2:13  SCV  
  23  2:25  SCV  
  23  2:29  Command Center  
  23  2:33  Factory Tech Lab  
  23  2:37  SCV  
  23  2:40  Starport  
  24  2:49  Marine  
  24  2:50  SCV  
  26  3:02  SCV  
  27  3:08  Siege Tank  
  27  3:10  Marine  
  31  3:18  Supply Depot x2  
  31  3:39  SCV, Medivac, Marine  
  35  3:41  Orbital Command  
  35  3:46  Siege Tank  
  38  3:51  SCV  
  39  4:03  SCV  
  40  4:10  Medivac  
  40  4:16  SCV x2  
  44  4:24  Siege Tank  
  44  4:25  Supply Depot, Marine  
  44  4:31  Orbital Command  
  48  4:35  SCV  
  49  4:41  Command Center  
  49  4:48  SCV  
  49  4:52  Medivac  
  52  4:57  SCV  
  52  4:58  Refinery  
  53  5:00  SCV  
  54  5:08  Siege Tank  
  54  5:09  SCV  
  54  5:12  SCV  
  59  5:18  Supply Depot  
  59  5:21  SCV  
  59  5:24  SCV, Refinery  
  61  5:33  SCV  
  62  5:36  SCV  
  63  5:45  SCV  
  63  5:48  SCV  
  68  5:52  Factory  
  64  5:58  SCV, Orbital Command  
  64  5:59  Missile Turret  
  64  6:00  SCV  
  64  6:01  Missile Turret  
  65  6:04  Missile Turret  
  65  6:06  Missile Turret x2  
  65  6:09  Missile Turret  
  65  6:10  SCV, Bunker, Widow Mine  
  65  6:11  Armory, Viking  
  65  6:12  SCV  
  68  6:19  Missile Turret  
  68  6:22  SCV  
  68  6:23  Missile Turret  
  68  6:24  Missile Turret  
  64  6:28  Factory  
  64  6:31  SCV  
  65  6:34  SCV x2  
  65  6:35  Missile Turret  
  65  6:39  Factory Tech Lab  
  67  6:43  SCV  
  67  6:46  SCV x2  
  70  6:49  Missile Turret  
  70  6:55  SCV, Cyclone  
  70  6:59  SCV x2  
  74  7:07  SCV  
  72  7:13  Terran Vehicle and Ship Weapons Level 1, Missile Turret  
  72  7:14  Factory Reactor  
  72  7:15  Thor  
  72  7:17  SCV  
  79  7:24  SCV  
  80  7:30  SCV, Siege Tank  
  80  7:32  Starport Reactor  
  80  7:33  Starport Tech Lab  
  80  7:36  SCV  
  84  7:43  Command Center  
  84  7:45  SCV  
  84  7:47  SCV  
  84  7:48  Missile Turret  
  86  7:51  Missile Turret, Widow Mine x2  
  90  7:59  Supply Depot  
  90  8:00  Supply Depot  
  90  8:02  Raven  
  92  8:16  SCV  
  92  8:17  SCV  
  92  8:18  SCV  
  95  8:33  SCV  
  94  8:35  SCV  
  94  8:37  Widow Mine x2  
  100  8:41  Siege Tank  
  100  8:42  Orbital Command  
  100  8:43  Siege Tank  
  100  8:47  Armory  
  105  8:50  SCV  
  105  8:52  Missile Turret  
  105  8:54  SCV  
  107  9:02  SCV  
  106  9:05  Missile Turret  
  106  9:06  SCV, Missile Turret  
  107  9:12  SCV  
  107  9:14  SCV  
  107  9:15  Engineering Bay  
  107  9:16  Siege Tank  
  112  9:19  SCV, Raven  
  115  9:27  Refinery x2  
  115  9:35  SCV  
  117  9:38  SCV  
  117  9:43  Terran Vehicle and Ship Weapons Level 2  
  117  9:45  Command Center  
  117  9:52  Sensor Tower  
  117  9:53  Terran Vehicle And Ship Armor Level 1  
  117  10:02  SCV  
  118  10:11  SCV  
  118  10:12  Command Center  
  119  10:16  Raven  
  118  10:39  SCV  
  118  10:40  SCV  
  118  10:42  SCV  
  120  10:44  Siege Tank x2  
  120  10:49  Starport  
  126  10:50  Starport  
  126  10:51  Hellbat x2  
  126  10:52  SCV  
  131  10:58  Fusion Core  
  131  10:59  Factory  
  131  11:06  SCV  
  131  11:07  SCV  
  130  11:16  Siege Tank  
  130  11:17  SCV, Siege Tank  
  129  11:20  Hellbat x2  
  129  11:22  Orbital Command  
  129  11:25  Planetary Fortress  
  133  11:26  SCV  
  133  11:27  SCV  
  133  11:30  SCV  
  136  11:38  SCV  
  136  11:39  SCV  
  138  11:48  Siege Tank  
  138  11:50  SCV  
  138  11:51  SCV, Refinery  
  138  11:53  Refinery  
  143  12:01  SCV  
  144  12:07  SCV, Starport Tech Lab  
  133  12:11  SCV  
  133  12:13  Starport Tech Lab  
  133  12:15  Orbital Command  
  134  12:17  SCV  
  134  12:22  Behemoth Reactor  
  135  12:30  SCV  
  135  12:31  SCV  
  137  12:38  Battlecruiser  
  137  12:39  Battlecruiser  
  149  12:48  Siege Tank  
  146  12:55  SCV  
  146  12:57  SCV, Hellion x3  
  135  12:59  SCV  
  119  13:09  Supply Depot  
  119  13:12  SCV  
  120  13:14  Raven  
  120  13:17  Widow Mine  
  120  13:18  Hellion  
  126  13:34  Orbital Command  
  126  13:41  Orbital Command  
  126  13:42  SCV  
  119  13:52  SCV  
  106  14:00  Widow Mine x2  
  81  14:04  Widow Mine  
  81  14:17  Thor  
  29  15:32  SCV  
Tags
 
Add a new tag
Caveats
  • Supply blocks, unpowered buildings, or Contaminate may cause inaccurate times.
  • Supply counts are checked every 10 seconds.